 Dungeon Crawl Stone Soup version 0.24-a0-484-g962a3eeff7 (webtiles) character file.

Game seed: 6560129976915782245

856 Inquire the Skirmisher (level 8, -2/88 HPs)
             Began as an Ogre Assassin on July 9, 2019.
             Was an Elder of Ru.
             Slain by a worker ant (5 damage)
             ... on level 5 of the Dungeon.
             The game lasted 00:05:21 (3715 turns).

Inquire the Skirmisher (Ogre Assassin)              Turns: 3715, Time: 00:05:22

Health: -2/88      AC:  5    Str: 18    XL:     8   Next: 2%
Magic:  8/8        EV: 11    Int: 12    God:    Ru [****..]
Gold:   264        SH:  0    Dex: 10    Spells: 7/7 levels left

rFire    x . .     SeeInvis .   j - +5 short sword (venom)
rCold    x . .     Gourm    .   (no shield)
rNeg     . . .     Faith    .   b - +0 robe
rPois    .         Spirit   .   (helmet restricted)
rElec    .         Reflect  .   c - +1 cloak
rCorr    .         Harm     .   (gloves unavailable)
MR       .....                  (boots unavailable)
Stlth    ++........             (no amulet)
HPRegen  0.24/turn              r - ring of wizardry
MPRegen  0.11/turn              (no ring)

@: hasted, very quick
A: large, unfitting armour, tough skin 1, inability to train armour, temperature
sensitive
a: Draw Out Power, Power Leap, Renounce Religion


You were on level 5 of the Dungeon.
You worshipped Ru.
Ru was greatly pleased with you.
You were not hungry.

You visited 1 branch of the dungeon, and saw 5 of its levels.

You collected 264 gold pieces.

Inventory:

Hand Weapons
 a - a +2 dagger
 j - a +5 short sword of venom (weapon)
 n - a +3 whip
Missiles
 d - 7 poisoned darts (quivered)
 e - 2 curare-tipped darts
 l - 3 datura-tipped darts
Armour
 b - a +0 robe (worn)
 c - a +1 cloak (worn)
 h - a +0 large shield
Jewellery
 q - a cursed ring of teleportation {unknown}
 r - a ring of wizardry (left hand)
Wands
 v - a wand of polymorph (6)
Scrolls
 g - 3 scrolls of remove curse
 i - 2 scrolls of amnesia
 u - a scroll of fog
 w - a scroll of teleportation
 x - a scroll of identify
 y - a scroll of immolation {unknown}
Potions
 k - 2 potions of ambrosia
 m - 3 potions of haste
 o - a potion of agility
 p - 2 potions of magic
 s - a potion of berserk rage {unknown}
Comestibles
 f - 8 rations


   Skills:
 * Level 7.9 Fighting
 * Level 5.1 Short Blades
 - Level 2.0 Throwing
 + Level 3.6 Dodging
 - Level 2.9 Stealth


You had 7 spell levels left.
You didn't know any spells.
Your spell library was empty.

Dungeon Overview and Level Annotations

Branches:
Dungeon (5/15)             Temple (0/1) D:4

Altars:
Ru
Uskayaw
Vehumet

Shops:
D:4 *


Innate Abilities, Weirdness & Mutations

You are too large for most types of armour.
You have tough skin. (AC +1)
You cannot train Armour skill.
You are sensitive to extremes of temperature. (rF-, rC-)


Message History

You hit the ice beast.
The ice beast is heavily wounded.
The ice beast hits you. The ice beast freezes you!!
You feel a terrible chill!
* * * LOW HITPOINT WARNING * * *
You barely miss the ice beast.
The ice beast is heavily wounded.
The ice beast stops glowing.
The ice beast hits you.
* * * LOW HITPOINT WARNING * * *
The ice beast freezes you!
You feel a terrible chill!
* * * LOW HITPOINT WARNING * * *
Okay, then.
Okay, then.
You feel yourself speed up.
The ice beast hits you but does no damage.
A worker ant comes into view.
The helpless worker ant fails to defend itself.
You puncture the worker ant!
The worker ant is almost dead.
The worker ant bites you.
You die...

#... #... . ..# ..
... .. ####.##.#
.......
..##.#############
#...........Y....#
####..#..#######@#
.....<.........a.#
##################


You could see an ice beast and a worker ant.

Vanquished Creatures
  Edmund (D:4)
  A water moccasin (D:4)
  2 ogres
  A hound (D:4)
  An orc priest (D:4)
  2 orc wizards (D:4)
  3 worker ants (D:4)
  11 gnolls
  9 adders
  3 oozes
  A worm (D:2)
  4 dart slugs
  A leopard gecko (D:4)
  10 orcs
  A giant cockroach (D:1)
  9 goblins
  5 hobgoblins
  3 jackals (D:4)
  5 kobolds
  A quokka (D:4)
  2 ball pythons (D:1)
  4 bats
  2 frilled lizards
  A quokka skeleton (D:4)
  7 rats
90 creatures vanquished.

Notes
Turn   | Place    | Note
-------+----------+-------------------------------------------
     0 | D:1      | Inquire the Ogre Assassin began the quest for the Orb.
     0 | D:1      | Reached XP level 1. HP: 22/22 MP: 1/1
    72 | D:1      | Reached skill level 1 in Dodging
   125 | D:1      | Reached skill level 3 in Fighting
   299 | D:1      | Reached XP level 2. HP: 20/31 MP: 2/2
   669 | D:1      | Reached XP level 3. HP: 39/39 MP: 3/3
   953 | D:2      | Reached skill level 4 in Fighting
   967 | D:2      | Found a radiant altar of Vehumet.
  1100 | D:2      | Found a faded altar of an unknown god.
  1158 | D:2      | Became a worshipper of Ru the Awakened
  1169 | D:2      | Gained mutation: You are sensitive to extremes of
                  | temperature. (rF-, rC-) [Ru sacrifice]
  1169 | D:2      | Reached * piety under Ru
  1169 | D:2      | Reached ** piety under Ru
  1222 | D:2      | Found a hide-covered altar of Uskayaw.
  1281 | D:2      | Reached XP level 4. HP: 32/49 MP: 4/4
  1986 | D:3      | Noticed an ogre
  2060 | D:3      | Killed an ogre
  2060 | D:3      | Reached skill level 5 in Fighting
  2060 | D:3      | Reached XP level 5. HP: 39/57 MP: 5/5
  2551 | D:3      | Reached XP level 6. HP: 44/67 MP: 6/6
  2992 | D:4      | Reached skill level 6 in Fighting
  3071 | D:4      | Found Molink's Serpentskin Sales.
  3071 | D:4      | Noticed a water moccasin
  3083 | D:4      | Killed a water moccasin
  3083 | D:4      | Reached XP level 7. HP: 57/76 MP: 7/7
  3241 | D:4      | Reached skill level 7 in Fighting
  3260 | D:4      | Noticed Edmund
  3262 | D:4      | Found a staircase to the Ecumenical Temple.
  3277 | D:4      | Killed Edmund
  3296 | D:4      | Reached skill level 5 in Short Blades
  3374 | D:4      | Reached XP level 8. HP: 60/88 MP: 8/8
  3476 | D:4      | Gained mutation: You cannot train Armour skill. [Ru
                  | sacrifice]
  3476 | D:4      | Reached *** piety under Ru
  3476 | D:4      | Reached **** piety under Ru
  3683 | D:5      | Entered Level 5 of the Dungeon
  3700 | D:5      | HP: 1/88 [ice beast (12)]
  3715 | D:5      | Slain by a worker ant

Levels and vault maps discovered:
D:1:      dpeg_arrival_rooms_a, layout_loops_ring,
          hangedman_abyss_or_decor_stabs, minmay_box_of_dots
D:2:      layout_basic, overflow_temple_1_default, lemuel_crystal_altar,
          chequers_ecumenical_altar_simple_redux
D:3:      layout_loops_cross, first_ration
D:4:      layout_loops_ring, nicolae_overflow_hidden_temple,
          minmay_temple_entry_mist, guppyfry_shop_venom, uniq_edmund
D:5:      layout_basic, serial_shops, shop

Skill      XL: |  1  2  3  4  5  6  7 |
---------------+----------------------+-----
Dodging        | 1 2 3 |  3.6
Fighting       | 3 4 5 6 7 |  7.9
Short Blades   | 2 3 4 5 |  5.1
Throwing       | |  2.0
Stealth        | |  2.9

Action                   |  1- 3 |  4- 6 |  7- 9 || total
-------------------------+-------+-------+-------++-------
Melee: Dagger            |    41 |       |       ||    41
       Short sword       |    58 |    75 |    80 ||   213
       Unarmed           |       |       |    17 ||    17
Throw: Dart              |       |     4 |     4 ||     8
Invok: Sacrifice Resista |     1 |       |       ||     1
       Sacrifice Durabil |       |       |     1 ||     1
  Use: Potion            |     1 |     3 |     1 ||     5
       Scroll            |     6 |     2 |     2 ||    10
 Stab: Sleeping          |    10 |     5 |     1 ||    16
  Eat: Chunk             |     1 |     5 |     3 ||     9
Armor: Robe              |    34 |     9 |    18 ||    61
       Skin              |       |       |     7 ||     7
Dodge: Dodged            |    47 |    26 |    34 ||   107

Table legend:
 A = Non-vault XP
 B = Vault XP
 C = Vault XP percentage of total XP
 D = Non-vault monster count
 E = Vault monster count
 F = Vault count percentage of total count
                 A         B        C        D         E       F
            +---------+---------+-------+---------+---------+-------
      Total |     895 |     328 |  26.8 |      83 |       7 |   7.8
            +---------+---------+-------+---------+---------+-------
        D:1 |      32 |       6 |  15.8 |      18 |       4 |  18.2
        D:2 |      58 |       0 |   0.0 |      14 |       0 |   0.0
        D:3 |     281 |       0 |   0.0 |      21 |       0 |   0.0
        D:4 |     524 |     322 |  38.1 |      30 |       3 |   9.1
            +---------+---------+-------+---------+---------+-------
